 Dungeon Crawl Stone Soup version 0.26.1-16-g4e020e15dc (webtiles) character file.

Game seed: 14652458401936084807

857 Froggeryz the Cudgeller (level 8, -8/55 HPs)
             Began as an Octopode Berserker on Mar 4, 2023.
             Was a Believer of Trog.
             Mangled by an ice beast (13 damage)
             ... on level 5 of the Dungeon.
             The game lasted 00:03:05 (4586 turns).

Froggeryz the Cudgeller (Octopode Berserker)        Turns: 4586, Time: 00:03:06

Health: -8/55      AC:  1    Str: 17    XL:     8   Next: 2%
Magic:  8/8        EV: 14    Int:  9    God:    Trog [**....]
Gold:   277        SH:  0    Dex: 13    Spells: 7/7 levels left

rFire    + . .     SeeInvis .   r - +0 flail (holy)
rCold    . . .     Faith    .   (no shield)
rNeg     . . .     Spirit   .   (helmet restricted)
rPois    .         Reflect  .   (no amulet)
rElec    .         Harm     .   o - ring of protection from fire
rCorr    .         Rampage  .   (no ring)
Will     .....                  (no ring)
Stlth    ++++......             (no ring)
HPRegen  0.18/turn              (no ring)
MPRegen  0.11/turn              (no ring)
                                (no ring)
                                (no ring)

@: no status effects
A: almost no armour, stealthy swim, amphibious, 8 rings, constrict 8, camouflage
1, gelatinous body 1
a: Renounce Religion, Berserk, Trog's Hand


You were on level 5 of the Dungeon.
You worshipped Trog.
Trog was pleased with you.
You visited 1 branch of the dungeon, and saw 5 of its levels.

You collected 277 gold pieces.

Inventory:

Hand Weapons
 r - a +0 flail of holy wrath (weapon)
Missiles
 a - 4 boomerangs (quivered)
Jewellery
 o - a ring of protection from fire (left tentacle)
Wands
 k - a wand of digging (5)
Scrolls
 b - 2 scrolls of fear {unknown}
 c - a scroll of enchant weapon
 e - 2 scrolls of blinking {unknown}
 f - 3 scrolls of remove curse
 i - 5 scrolls of teleportation {unknown}
 n - 4 scrolls of identify {unknown}
Potions
 d - 3 potions of flight {unknown}
 g - 4 potions of heal wounds {unknown}
 h - 2 potions of might {unknown}
 j - 2 potions of mutation {unknown}
 l - a potion of cancellation {unknown}
 m - 2 potions of lignification {unknown}
 p - a potion of berserk rage {unknown}
 q - 3 potions of resistance {unknown}
 s - a potion of attraction {unknown}
 t - a potion of curing {unknown}


   Skills:
 + Level 5.2 Fighting
 * Level 6.9 Maces & Flails
 - Level 3.0 Dodging
 + Level 6.0 Stealth


You had 7 spell levels left.
You didn't know any spells.
Your spell library was empty.

Dungeon Overview and Level Annotations

Branches:
Dungeon (5/15)             Temple (0/1) D:4

Altars:

Shops:
D:4 [


Innate Abilities, Weirdness & Mutations

You cannot wear most types of armour.
You are very stealthy in the water. (Stealth+)
You are amphibious.
You can wear up to eight rings at the same time.
You can use your tentacles to constrict eight enemies at once.
Your skin changes colour to match your surroundings (Stealth+).
Your rubbery body absorbs attacks. (AC +1, EV +1)


Message History

The ice beast barely misses you.
You hit the ice beast but do no damage.
The ice beast is heavily wounded.
The ice beast closely misses you.
You barely miss the ice beast. You squeeze the ice beast.
The ice beast is severely wounded.
The ice beast misses you.
You barely miss the ice beast. Your squeeze misses the ice beast.
The ice beast is severely wounded.
The ice beast hits you. The ice beast freezes you!
* * * LOW HITPOINT WARNING * * *
You closely miss the ice beast.
The ice beast is severely wounded.
The ice beast misses you.
You barely miss the ice beast.
The ice beast is severely wounded.
The ice beast hits you.
* * * LOW HITPOINT WARNING * * *
The ice beast freezes you!
You die...

..#.# #.#.# ...# #..#
############..#
..........###.#####.####
...........##...@Y......
............#..####.###.
.............#.#
...............#
...............#
................#
.................#
..................#
..................#


You could see an ice beast.

Vanquished Creatures
  Grinder (D:3)
  An ice beast (D:5)
  A phantom (D:5)
  Blork the orc (D:5)
  A scorpion (D:4)
  A howler monkey (D:4)
  A hound (D:4)
  An orc priest (D:4)
  A bullfrog skeleton (D:4)
  A centaur skeleton (D:4)
  Ijyb (D:3)
  2 worker ants
  5 adders
  A white imp (D:5)
  2 ufetubi (D:5)
  An ooze (D:1)
  An adder zombie (D:5)
  A worm (D:4)
  A dart slug (D:1)
  2 leopard geckos
  12 orcs
  4 bats
  4 giant cockroaches
  8 goblins
  5 hobgoblins
  4 quokkas
  A ball python (D:2)
  4 frilled lizards
  5 kobolds
  5 rats
79 creatures vanquished.

Notes
Turn   | Place    | Note
-------+----------+-------------------------------------------
     0 | D:1      | Froggeryz the Octopode Berserker began the quest for the
                  | Orb.
     0 | D:1      | Reached XP level 1. HP: 16/16 MP: 1/1
   302 | D:1      | Reached skill level 1 in Stealth
   302 | D:1      | Reached XP level 2. HP: 21/21 MP: 2/2
   548 | D:1      | Reached XP level 3. HP: 26/26 MP: 3/3
  1589 | D:3      | Noticed Ijyb
  1601 | D:3      | Killed Ijyb
  1602 | D:3      | Reached XP level 4. HP: 29/32 MP: 4/4
  2014 | D:3      | Noticed Grinder
  2027 | D:3      | Killed Grinder
  2028 | D:3      | Reached skill level 5 in Maces & Flails
  2028 | D:3      | Reached XP level 5. HP: 5/37 MP: 5/5
  2028 | D:3      | Reached XP level 6. HP: 6/43 MP: 6/6
  2831 | D:4      | Found Rouskio Serr's Antique Armour Boutique.
  2848 | D:4      | Reached ** piety under Trog
  3268 | D:4      | Reached XP level 7. HP: 41/49 MP: 7/7
  3426 | D:4      | Reached skill level 5 in Stealth
  3733 | D:4      | Found a staircase to the Ecumenical Temple.
  4001 | D:5      | Entered Level 5 of the Dungeon
  4263 | D:5      | Reached skill level 5 in Fighting
  4306 | D:5      | Noticed Blork the orc
  4506 | D:5      | Killed Blork the orc
  4507 | D:5      | Reached XP level 8. HP: 37/55 MP: 8/8
  4586 | D:5      | Mangled by an ice beast

Illustrated notes

Levels and vault maps discovered:
D:1:      dpeg_arrival_rooms_with_view, layout_basic
D:2:      layout_rooms, serial_glass, glass_columns_c, glass_columns_b
D:3:      layout_basic, uniq_ijyb, uniq_grinder
D:4:      layout_rooms, minmay_temple_entry_purple_smoke, serial_shops, shop,
          minmay_fractal_squares_gapless_5
D:5:      layout_basic, uniq_blork_the_orc

Skill      XL: |  1  2  3  4  5  6  7 |
---------------+----------------------+-----
Stealth        | 1 2 4 6 |  6.0
Maces & Flails | 4 5 6 |  6.9
Fighting       | 4 5 |  5.2
Dodging        | |  3.0

Action                   |  1- 3 |  4- 6 |  7- 9 || total
-------------------------+-------+-------+-------++-------
Melee: Mace              |    61 |    51 |    19 ||   131
       Constrict         |    13 |    14 |    15 ||    42
       Tentacles         |     9 |    14 |    13 ||    36
       Flail             |       |       |    60 ||    60
Invok: Berserk           |     1 |     1 |       ||     2
       Trog's Hand       |       |       |     1 ||     1
  Use: Scroll            |       |     2 |       ||     2
 Stab: Sleeping          |    10 |     6 |     5 ||    21
Armor: Skin              |     3 |     4 |     1 ||     8
Dodge: Dodged            |    39 |    30 |    58 ||   127
